[Event "Titled Tuesday Blitz June 28 Early 2022"]
[White "Liyanage, Ranindu Dilshan"]
[Black "Tan, Jun Ying"]
[WhiteFideId "9915834"]
[BlackFideId "5710413"]
[WhiteElo "1858"]
[BlackElo "1827"]
[Result "1-0"]
[Round "10"]
[TimeControl "180+1"]
[Date "2022.06.28"]
[WhiteClock "0:00:16"]
[BlackClock "0:00:05"]

1. d4 Nf6 2. Nc3 d5 3. Bf4 a6 4. e3 c5 5. Nf3 Nc6 6. Ne5 cxd4 7. exd4 e6 8. Qd2 Bb4 9. Nxc6 bxc6 10. Bd3 c5 11. a3 Ba5 12. Be5 cxd4 13. Bxd4 O-O 14. O-O Bc7 15. Rfe1 Ng4 16. h3 Nf6 17. Qg5 Kh8 18. Qh4 h6 19. g4 Ng8 20. Qh5 Qg5 21. Qxg5 hxg5 22. Kg2 Bb7 23. h4 Ne7 24. hxg5 e5 25. Bxe5 Bxe5 26. Rxe5 Ng6 27. Bxg6 fxg6 28. Nxd5 Rf4 29. f3 Rd4 30. Ne7 Rxg4+ 31. Kf2 Rf8 32. Rh1+ Rh4 33. Rxh4# 1-0


[Site "https://www.chess.com"]

[Event "Titled Tuesday Blitz June 28 Early 2022"]
[White "Madaminov, Mukhiddin"]
[Black "Marjanovic, Annamaria"]
[WhiteFideId "14210703"]
[BlackFideId "750930"]
[WhiteElo "1916"]
[BlackElo "2156"]
[Result "1/2-1/2"]
[Round "10"]
[TimeControl "180+1"]
[Date "2022.06.28"]
[WhiteClock "0:02:00"]
[BlackClock "0:01:13"]

1. d4 f5 2. Bg5 Nf6 3. Bxf6 exf6 4. e3 d5 5. c4 c6 6. Nc3 Be6 7. cxd5 cxd5 8. g3 Nc6 9. Bg2 Bb4 10. Ne2 Bf7 11. O-O Qd7 12. a3 Bxc3 13. Nxc3 O-O 14. Rc1 Rfd8 15. Ne2 Ne7 16. Nf4 g6 17. h4 Rac8 18. Qb3 b6 19. Qb4 g5 20. hxg5 fxg5 21. Nd3 Qe6 22. Ne5 Ng6 23. f4 Nxe5 24. fxe5 Rxc1 25. Rxc1 Rc8 26. Rxc8+ Qxc8 27. Qe7 Qc1+ 28. Kh2 Qxe3 29. e6 Qxe6 30. Qxg5+ Qg6 31. Qd8+ Kg7 32. Qc7 Qh5+ 33. Bh3 Qe2+ 34. Bg2 Qh5+ 35. Bh3 Qe2+ 36. Bg2 Qh5+ 1/2-1/2


[Site "https://www.chess.com"]

[Event "Titled Tuesday Blitz June 28 Early 2022"]
[White "Mangialardo, Tiago Carvalho"]
[Black "Taboas Rodriguez, Daniel"]
[WhiteFideId "2130718"]
[BlackFideId "2208466"]
[WhiteElo "2074"]
[BlackElo "2429"]
[Result "0-1"]
[Round "10"]
[TimeControl "180+1"]
[Date "2022.06.28"]
[WhiteClock "0:00:07"]
[BlackClock "0:01:17"]

1. e4 e6 2. d4 d5 3. exd5 Nf6 4. dxe6 Bxe6 5. Nf3 Nc6 6. Bg5 Be7 7. Be2 O-O 8. O-O h6 9. Bh4 Ne4 10. Bxe7 Qxe7 11. Qd3 Bf5 12. Qe3 Rfe8 13. Bd3 Nb4 14. Re1 Qd6 15. Nc3 Nf6 16. Qd2 Bxd3 17. cxd3 Nc6 18. Nb5 Qd7 19. Qf4 Rxe1+ 20. Rxe1 Nd5 21. Qe4 a6 22. Nc3 Nf6 23. Qf4 Rd8 24. Ne2 Re8 25. Ne5 Nxe5 26. dxe5 Qxd3 27. Qd4 Qxd4 28. Nxd4 Nd7 29. f4 c5 30. Nf5 Nf8 31. Nd6 Re7 32. Rc1 b6 33. Kf2 Ne6 34. Nc8 Rc7 35. Nxb6 Nxf4 36. g3 Nd3+ 0-1


[Site "https://www.chess.com"]

[Event "Titled Tuesday Blitz June 28 Early 2022"]
[White "Manukian, Artak"]
[Black "Adla, Diego"]
[WhiteFideId "13301373"]
[BlackFideId "100072"]
[WhiteElo "2474"]
[BlackElo "2377"]
[Result "0-1"]
[Round "10"]
[TimeControl "180+1"]
[Date "2022.06.28"]
[WhiteClock "0:00:47"]
[BlackClock "0:00:49"]

1. e4 e5 2. Nf3 Nc6 3. d4 exd4 4. Nxd4 Nf6 5. Nxc6 bxc6 6. e5 Qe7 7. Qe2 Nd5 8. c4 Ba6 9. b3 O-O-O 10. g3 h5 11. h4 Qb4+ 12. Qd2 Re8 13. f4 Ne3 14. Bd3 Ng4 15. Ba3 Qxd2+ 16. Kxd2 c5 17. Nc3 Bb7 18. Rhe1 g6 19. Be4 d6 20. Bxb7+ Kxb7 21. exd6 Bxd6 22. Ne4 Rd8 23. Kc2 Rhe8 24. Nxc5+ Kc6 25. b4 Bxc5 26. bxc5 Ne3+ 27. Kc3 Re4 28. Rac1 Rxc4+ 29. Kb2 Rb8+ 30. Ka1 Nc2+ 31. Rxc2 Rxc2 32. Re7 Rd8 33. Kb1 Rg2 34. Rxf7 Rd1+ 35. Bc1 Rgg1 0-1


[Site "https://www.chess.com"]

[Event "Titled Tuesday Blitz June 28 Early 2022"]
[White "Martinez, Shawn"]
[Black "Rios Escobar, Adan"]
[WhiteFideId "2039770"]
[BlackFideId "3403645"]
[WhiteElo "2174"]
[BlackElo "2443"]
[Result "0-1"]
[Round "10"]
[TimeControl "180+1"]
[Date "2022.06.28"]
[WhiteClock "0:00:03"]
[BlackClock "0:00:11"]

1. e4 c5 2. Nc3 d6 3. Bb5+ Nd7 4. f4 g6 5. Nf3 Bg7 6. a3 a6 7. Bc4 e6 8. f5 gxf5 9. exf5 d5 10. fxe6 fxe6 11. Ba2 Ngf6 12. Qe2 Qe7 13. O-O Nf8 14. d3 Ng6 15. Bg5 O-O 16. Rae1 Qd6 17. h4 b5 18. Ne5 Nxe5 19. Qxe5 Qxe5 20. Rxe5 Ng4 21. Rxf8+ Kxf8 22. Re2 Bd4+ 23. Kf1 Bxc3 24. bxc3 c4 25. a4 Ra7 26. Ke1 h5 27. Kd2 Rf7 28. Kc1 Rf1+ 29. Kb2 Rf2 30. Rxf2+ Nxf2 31. dxc4 dxc4 32. Ka3 Bd7 33. axb5 axb5 34. Kb4 Kf7 35. Kc5 Ne4+ 36. Kb4 Kg6 37. Bd8 Kf5 38. Bxc4 bxc4 39. Kxc4 Kg4 40. Kd4 Nd6 41. c4 Nf7 42. Bf6 Bc6 43. g3 Kxg3 44. Kc5 Be4 45. c3 Kg4 46. Kb6 Kf5 47. Be7 Ne5 48. c5 Nc6 49. Bg5 Bf3 50. c4 e5 51. Kb5 Ke6 52. Kb6 Kd7 53. Kb5 e4 54. Kb6 Ne5 55. Bf4 Nxc4+ 56. Kb7 Na5+ 57. Kb6 Nc6 58. Kb5 Bg4 59. Kc4 Ke6 60. Kb5 Kd5 61. Kb6 Bd7 62. Be3 Bf5 63. Kb5 Ne5 64. Kb4 Bd7 65. Kc3 Bc6 66. Bf2 Nc4 67. Bg1 e3 68. Kd3 Kxc5 69. Bh2 Kd5 70. Bb8 Bd7 71. Ba7 Bf5+ 72. Ke2 Ke4 73. Bc5 Bg4+ 74. Ke1 Ne5 75. Bb4 Nd3+ 76. Kf1 Nxb4 77. Kg2 Nd3 78. Kg3 e2 79. Kh2 e1=Q 80. Kg2 Qf2+ 81. Kh1 Bf3# 0-1


[Site "https://www.chess.com"]

[Event "Titled Tuesday Blitz June 28 Early 2022"]
[White "Matveeva, Olga"]
[Black "D`Arruda, Ricardo D."]
[WhiteFideId "24107018"]
[BlackFideId "100692"]
[WhiteElo "2052"]
[BlackElo "2464"]
[Result "1/2-1/2"]
[Round "10"]
[TimeControl "180+1"]
[Date "2022.06.28"]
[WhiteClock "0:00:06"]
[BlackClock "0:00:11"]

1. d4 Nf6 2. c4 e5 3. dxe5 Ne4 4. Nf3 Nc6 5. e3 d6 6. Bd3 Nc5 7. Bc2 dxe5 8. Qxd8+ Kxd8 9. O-O f6 10. Rd1+ Ke8 11. a3 a5 12. Nc3 Bg4 13. Nb5 Na6 14. h3 Be6 15. b3 Na7 16. Nxa7 Rxa7 17. Be4 c6 18. Bd2 Nc5 19. Bc2 a4 20. b4 Nb3 21. Bxb3 axb3 22. c5 Be7 23. Bc3 Kf7 24. a4 Raa8 25. a5 Rhd8 26. Kf1 Bf5 27. Ke2 Bc2 28. Rd2 Ke6 29. Ne1 Bg6 30. Rb2 Be4 31. Rxb3 Bd5 32. Rb2 Bc4+ 33. Kf3 f5 34. Rd2 Bh4 35. g3 Bf6 36. Rad1 Bd5+ 37. Ke2 Bc4+ 38. Kf3 e4+ 39. Kg2 Bxc3 40. Rxd8 Rxd8 41. Rxd8 Bxe1 42. Rb8 Ba6 43. b5 cxb5 44. c6 bxc6 45. Rb6 Bc8 46. Rxc6+ Kd7 47. Rb6 Bxa5 48. Rxb5 Bc7 49. Rxf5 Ke6 50. Rc5 Kd6 51. Rc4 Bb7 52. g4 Bd5 53. Rd4 Bb6 54. Ra4 g5 55. Kg3 Bc7 56. Kg2 Ke6 57. Rb4 Bd6 58. Ra4 h6 59. Rd4 Ke5 60. Ra4 Ke6 61. Rd4 Be5 62. Ra4 Kf6 63. Ra5 Be6 64. Ra6 Kf7 65. Ra4 Kg6 66. Ra5 Kf6 67. Ra6 Ke7 68. Ra5 Bd6 69. Ra7+ Kf6 70. Ra6 Ke5 71. Ra5+ Kf6 72. Ra6 Ke7 73. Ra5 Bd7 74. Ra6 Ke6 75. Ra7 Ke7 76. Ra6 Ke6 77. Ra7 Be7 78. Ra6+ Bd6 1/2-1/2


[Site "https://www.chess.com"]

[Event "Titled Tuesday Blitz June 28 Early 2022"]
[White "Mekhane, Adam"]
[Black "Tasev, Dejan"]
[WhiteFideId "36050601"]
[BlackFideId "936618"]
[WhiteElo "2002"]
[BlackElo "2253"]
[Result "1-0"]
[Round "10"]
[TimeControl "180+1"]
[Date "2022.06.28"]
[WhiteClock "0:01:27"]
[BlackClock "0:00:16"]

1. e4 e5 2. Nf3 Nc6 3. Bb5 a6 4. Ba4 Nf6 5. O-O b5 6. Bb3 Be7 7. a4 Bb7 8. axb5 axb5 9. Rxa8 Qxa8 10. Re1 O-O 11. Nc3 b4 12. Nd5 Bd8 13. d4 exd4 14. Nxd4 Nxd5 15. Bxd5 d6 16. Nxc6 Bxc6 17. Qd4 Bxd5 18. exd5 Bf6 19. Qc4 Qb7 20. b3 h6 21. Bd2 Rb8 22. g3 Qb6 23. Re4 Ra8 24. Qxb4 Ra1+ 25. Kg2 Qa7 26. Re8+ Kh7 27. Qe4+ g6 28. Qf4 Bg7 29. Qxf7 1-0


[Site "https://www.chess.com"]

[Event "Titled Tuesday Blitz June 28 Early 2022"]
[White "Mendez Fortes, Eduardo Jesus"]
[Black "Costachi, Mihnea"]
[WhiteFideId "3502376"]
[BlackFideId "1217518"]
[WhiteElo "2321"]
[BlackElo "2476"]
[Result "0-1"]
[Round "10"]
[TimeControl "180+1"]
[Date "2022.06.28"]
[WhiteClock "0:01:54"]
[BlackClock "0:01:40"]

1. e4 c5 2. Nf3 Nc6 3. d4 cxd4 4. Nxd4 g6 5. c4 Bg7 6. Be3 d6 7. Nc3 Nf6 8. Be2 O-O 9. O-O Bd7 10. Qd2 Ng4 11. Bxg4 Bxg4 12. f3 Bd7 13. Rfd1 Rc8 14. b3 Qa5 15. Rac1 Qh5 16. Nd5 Rfe8 17. Nf4 Qe5 18. Nxc6 Bxc6 19. Bxa7 Ra8 20. Be3 Ra3 21. Nd3 Qh5 22. Rc2 Rea8 23. Qf2 Bxe4 24. Bc1 Bxd3 25. Rxd3 R3a6 26. a4 Qf5 27. Qe2 Rc8 28. Ba3 Rac6 29. Rd5 Qxd5 30. cxd5 Rxc2 31. Qxe7 Bd4+ 32. Kf1 Rf2+ 33. Ke1 Rxg2 34. Qxd6 Re8+ 35. Kd1 Bc3 0-1


[Site "https://www.chess.com"]

[Event "Titled Tuesday Blitz June 28 Early 2022"]
[White "Mickiewicz, Piotr"]
[Black "Polster, Christian"]
[WhiteFideId "1114891"]
[BlackFideId "12965081"]
[WhiteElo "2209"]
[BlackElo "2316"]
[Result "1/2-1/2"]
[Round "10"]
[TimeControl "180+1"]
[Date "2022.06.28"]
[WhiteClock "0:00:03"]
[BlackClock "0:00:05"]

1. Nf3 d5 2. c4 d4 3. e3 c5 4. exd4 cxd4 5. d3 Nc6 6. a3 a5 7. g3 e5 8. Bg2 Nf6 9. O-O Bd6 10. Bg5 O-O 11. Nbd2 Be7 12. Re1 Nd7 13. Bxe7 Qxe7 14. Qc2 a4 15. b4 axb3 16. Qxb3 Nc5 17. Qc2 Qc7 18. Nb3 Na4 19. Nfd2 f5 20. c5 Be6 21. Nc4 Rfe8 22. f4 exf4 23. Rxe6 Rxe6 24. Bd5 Re8 25. Re1 Qd7 26. Nd6 Kh8 27. Bxe6 Rxe6 28. Rxe6 Qxe6 29. gxf4 Qe3+ 30. Kg2 Qxf4 31. Nxb7 Nc3 32. Nd6 Qg4+ 33. Kf2 Qf4+ 34. Kg1 Qe3+ 35. Qf2 Qxd3 36. Nxf5 Ne2+ 37. Kg2 Nc3 38. Nbxd4 Nxd4 39. Nxd4 Kg8 40. Qf4 Qe4+ 41. Qxe4 Nxe4 42. c6 Nd6 43. c7 Kf7 44. Nb5 Nc8 45. a4 Ke7 46. Kf3 Kd7 47. Ke4 Kc6 48. Ke5 Kd7 49. Kd5 Nb6+ 50. Kd4 Nxa4 51. h4 Nb6 52. h5 Na8 53. Nd6 Nxc7 54. Nf5 Ne6+ 55. Ke5 Ng5 56. Nxg7 Nf7+ 57. Kf6 Nd6 58. Nf5 Ne4+ 59. Kg7 Ke6 60. Nh6 Nf6 61. Ng4 Nxh5+ 62. Kxh7 1/2-1/2


[Site "https://www.chess.com"]

[Event "Titled Tuesday Blitz June 28 Early 2022"]
[White "Molina, Roberto Junio Brito"]
[Black "Vokhidov, Shamsiddin"]
[WhiteFideId "2109450"]
[BlackFideId "14204223"]
[WhiteElo "2432"]
[BlackElo "2611"]
[Result "0-1"]
[Round "10"]
[TimeControl "180+1"]
[Date "2022.06.28"]
[WhiteClock "0:00:03"]
[BlackClock "0:00:07"]

1. d4 Nf6 2. c4 e6 3. Nf3 d5 4. Nc3 Bb4 5. Qa4+ Nc6 6. Bg5 h6 7. Bxf6 Qxf6 8. e3 O-O 9. Rc1 Rd8 10. a3 Bf8 11. Be2 Bd7 12. Qc2 Be8 13. O-O Rac8 14. b4 a6 15. Rfd1 Ne7 16. c5 Ng6 17. Bd3 Ne7 18. a4 g6 19. b5 axb5 20. axb5 Ra8 21. Ra1 Bg7 22. Qb3 Nf5 23. b6 Qe7 24. Bxf5 gxf5 25. bxc7 Qxc7 26. Rab1 Ra7 27. Nb5 Bxb5 28. Qxb5 f4 29. exf4 Qxf4 30. Qe2 Rda8 31. g3 Qf5 32. Kg2 Ra2 33. Rb2 Rxb2 34. Qxb2 Ra7 35. Qe2 Ra3 36. Rd2 Rb3 37. Rb2 Rc3 38. Rxb7 Qe4 39. Rb2 Rc4 40. Qd1 Rc3 41. Rd2 Bf6 42. Qe2 Rc4 43. Qe3 Kg7 44. h3 Kg6 45. g4 Kg7 46. Kg3 Kg6 47. h4 Kg7 48. h5 Rc1 49. Qxe4 dxe4 50. Ne5 Bxe5+ 51. dxe5 Rxc5 52. Kf4 Rc4 53. Ke3 Ra4 54. Rd4 Ra5 55. Rxe4 Ra3+ 56. Kf4 Ra2 57. f3 Ra1 58. Rd4 Ra2 59. Ke4 Re2+ 60. Kf4 Re1 61. Rd3 Re2 62. Re3 Rb2 63. Kg3 Rb4 64. Re2 Ra4 65. Re1 Rb4 66. Re4 Rb3 67. Kg2 Rb2+ 68. Kh3 Rb3 69. Kg3 Ra3 70. Kf2 Ra2+ 71. Re2 Ra3 72. Re3 Ra2+ 73. Kg3 Ra4 74. f4 Rb4 75. Kf3 Ra4 76. Re4 Ra3+ 77. Kg2 Ra1 78. Kf2 Ra2+ 79. Kg3 Ra3+ 80. Kh4 Ra1 81. Re3 Rh1+ 82. Kg3 Rg1+ 83. Kf3 Ra1 84. g5 Rg1 85. gxh6+ Kxh6 86. Kf2 Rg4 87. Kf3 Kxh5 88. Re1 Rh4 89. Ke4 Kg6 90. Rg1+ Kh7 91. Rg2 Rh1 92. Kd4 Rf1 93. Ke3 Kh6 94. Ke4 Kh7 95. Rg3 Kh6 96. Rg8 Kh7 97. Rg5 Kh6 98. Rg3 Re1+ 99. Kf3 Rf1+ 100. Kg4 Kg6 101. Rg2 Rh1 102. Kf3+ Kh6 103. Rg8 Kh7 104. Rg5 Kh6 105. Rg4 Rf1+ 106. Ke2 Ra1 107. Ke3 Ra3+ 108. Kf2 Ra4 109. Kg3 Ra3+ 110. Kh4 Rf3 111. Rg8 Rxf4+ 112. Rg4 Rf5 113. Re4 Rg5 114. Rf4 Rf5 115. Re4 Rh5+ 116. Kg4 Kg6 117. Re2 Rf5 118. Re1 Rf2 119. Re3 Rg2+ 120. Kf4 Ra2 121. Rg3+ Kh6 122. Rh3+ Kg7 123. Rg3+ Kf8 124. Kg5 Rf2 125. Re3 Rf5+ 126. Kg4 Ke7 127. Re2 Kd7 128. Rd2+ Kc6 129. Re2 Kd5 130. Rd2+ Kxe5 131. Rd7 Kf6 0-1


[Site "https://www.chess.com"]

[Event "Titled Tuesday Blitz June 28 Early 2022"]
[White "Nakamura, Hikaru"]
[Black "Fedoseev, Vladimir"]
[WhiteFideId "2016192"]
[BlackFideId "24130737"]
[WhiteElo "2850"]
[BlackElo "2726"]
[Result "1/2-1/2"]
[Round "10"]
[TimeControl "180+1"]
[Date "2022.06.28"]
[WhiteClock "0:00:06"]
[BlackClock "0:00:04"]

1. Nf3 d5 2. e3 c5 3. b3 a6 4. Bb2 Nc6 5. d4 Nf6 6. dxc5 e6 7. c4 Bxc5 8. cxd5 exd5 9. Be2 O-O 10. O-O Re8 11. Na3 Bf5 12. Nc2 Rc8 13. Ncd4 Nxd4 14. Nxd4 Bg6 15. Rc1 Qd6 16. Bf3 h6 17. Ne2 Be4 18. Ng3 Qe6 19. Bxf6 Qxf6 20. Bxe4 dxe4 21. Rc4 Bd6 22. Rxc8 Rxc8 23. Qg4 Rc2 24. Qxe4 Rxa2 25. Qxb7 Bxg3 26. hxg3 Rb2 27. Qc7 g6 28. Qc4 Kg7 29. g4 a5 30. g3 Kh7 31. Qd5 Kg7 32. Qc4 Kh7 33. Kg2 Kg7 34. Qd5 Qc3 35. g5 hxg5 36. Qxg5 Qc6+ 37. Kg1 Rxb3 38. Qxa5 Rb5 39. Qa1+ Kh7 40. Qd4 Rh5 41. e4 Qe6 42. Qa7 Qh3 43. Qxf7+ Kh6 44. Qf8+ Kh7 45. Qf7+ Kh6 46. Qf4+ Kh7 47. Qf7+ 1/2-1/2


[Site "https://www.chess.com"]

[Event "Titled Tuesday Blitz June 28 Early 2022"]
[White "Nayem, Haque"]
[Black "Wartiovaara, Oliver"]
[WhiteFideId "10217754"]
[BlackFideId "513024"]
[WhiteElo "1982"]
[BlackElo "1971"]
[Result "0-1"]
[Round "10"]
[TimeControl "180+1"]
[Date "2022.06.28"]
[WhiteClock "0:01:11"]
[BlackClock "0:00:16"]

1. e4 c5 2. Nf3 a6 3. d4 cxd4 4. Nxd4 Nf6 5. Nc3 e5 6. Nf5 d5 7. Bg5 Bxf5 8. exf5 Bb4 9. Bxf6 gxf6 10. a3 Bxc3+ 11. bxc3 Qa5 12. Qd2 Nd7 13. Be2 Rc8 14. O-O Rxc3 15. Rfb1 b6 16. Bh5 Rxa3 17. Qxa5 Rxa5 18. Rxa5 bxa5 19. Rb7 d4 20. Bxf7+ Kxf7 21. Rxd7+ Ke8 22. Ra7 Rf8 23. Rxa6 Rf7 24. Kf1 Rc7 25. Rxf6 Rxc2 26. Re6+ Kf7 27. Rxe5 a4 28. Ke1 a3 29. Ra5 a2 30. g4 h6 31. h4 d3 32. g5 hxg5 33. hxg5 Rb2 34. Ra7+ Kf8 35. Ra8+ Ke7 36. Ra7+ Kd8 37. g6 Rb1+ 38. Kd2 a1=Q 39. Rxa1 Rxa1 40. f6 Rg1 41. g7 Ke8 42. Kxd3 Kf7 43. Ke4 Kxf6 44. Kf4 Rxg7 45. f3 Ra7 46. Kg4 Ra4+ 47. f4 Rb4 48. Kg3 Kf5 49. Kh4 Rxf4+ 50. Kh5 Kf6 51. Kh6 Rh4# 0-1


[Site "https://www.chess.com"]

[Event "Titled Tuesday Blitz June 28 Early 2022"]
[White "Nenezic, Marko"]
[Black "Melkumyan, Hrant"]
[WhiteFideId "912123"]
[BlackFideId "13302485"]
[WhiteElo "2432"]
[BlackElo "2604"]
[Result "0-1"]
[Round "10"]
[TimeControl "180+1"]
[Date "2022.06.28"]
[WhiteClock "0:00:01"]
[BlackClock "0:00:06"]

1. d4 Nf6 2. c4 g6 3. Nc3 Bg7 4. e4 d6 5. Be2 e5 6. d5 Na6 7. h4 Nc5 8. Qc2 a5 9. h5 Nxh5 10. Bxh5 gxh5 11. Rxh5 Bd7 12. Be3 Qf6 13. f3 h6 14. g4 O-O-O 15. O-O-O b6 16. Qe2 Kb7 17. Nh3 Qg6 18. Nf2 Ra8 19. Rdh1 a4 20. Nd3 Nxd3+ 21. Qxd3 f6 22. Qe2 Ra5 23. Qh2 Bf8 24. Bxh6 Rxh6 25. Rxh6 Qg5+ 26. Qd2 Bxh6 27. Rxh6 Qg7 28. Kc2 Rc5 29. b3 axb3+ 30. axb3 Ra5 31. Kb2 Ra8 32. Rh5 Qf8 33. Qh6 Qb8 34. Qc1 Qa7 35. Rh7 Be8 36. Kc2 Qa5 37. Rh6 Qc5 38. Rxf6 Qf2+ 39. Qd2 Qg1 40. Rh6 Ra1 41. Kb2 Rf1 42. Rh2 Qg3 43. g5 Qxf3 44. Rg2 Bg6 45. Qc2 Qf4 46. Qd2 Qf3 47. Qc2 Qh3 48. Qd2 Rf3 49. Rh2 Qg3 50. Rg2 Qh4 51. Rh2 Qg4 52. Rg2 Qh3 53. Rh2 Qf1 54. Rg2 Rf4 55. Rh2 Rg4 56. Rf2 Qg1 57. Nb5 Bxe4 58. Rf7 Rg2 59. Nxd6+ Kb8 60. Nxe4 Rxd2+ 61. Nxd2 Qxg5 62. Ka3 Qxd2 0-1


[Site "https://www.chess.com"]

[Event "Titled Tuesday Blitz June 28 Early 2022"]
[White "Pirvulescu, Ekaterina"]
[Black "Hartikainen, Jarmo"]
[WhiteFideId "13506374"]
[BlackFideId "503134"]
[WhiteElo "1740"]
[BlackElo "2138"]
[Result "1-0"]
[Round "10"]
[TimeControl "180+1"]
[Date "2022.06.28"]
[WhiteClock "0:00:12"]
[BlackClock "0:00:04"]

1. c4 Nf6 2. Nc3 g6 3. g3 Bg7 4. Bg2 O-O 5. e3 d6 6. d4 Nc6 7. Nge2 Bd7 8. O-O e5 9. d5 Ne7 10. b3 Nh5 11. Bb2 f5 12. Rc1 f4 13. exf4 exf4 14. Nd4 fxg3 15. fxg3 Rxf1+ 16. Bxf1 Nf5 17. Nxf5 Bxf5 18. Bd3 Qg5 19. Bxf5 Qxf5 20. Qf1 Bd4+ 21. Kg2 Re8 22. Re1 Rxe1 23. Qxe1 Qc2+ 24. Kh3 Qxb2 25. Qe6+ Kg7 26. Qe7+ Kh6 27. Ne4 Qc1 28. Qf8+ Bg7 29. Qf3 1-0


[Site "https://www.chess.com"]

[Event "Titled Tuesday Blitz June 28 Early 2022"]
[White "Nozdrachev, Leonid"]
[Black "Bolanos, Fernando"]
[WhiteFideId "24113433"]
[BlackFideId "3304094"]
[WhiteElo "2129"]
[BlackElo "2048"]
[Result "1-0"]
[Round "10"]
[TimeControl "180+1"]
[Date "2022.06.28"]
[WhiteClock "0:01:53"]
[BlackClock "0:00:35"]

1. e4 c5 2. c3 e5 3. Bc4 Nf6 4. Nf3 Nc6 5. Ng5 d5 6. exd5 Nxd5 7. d4 Be7 8. Nxf7 Kxf7 9. Qf3+ Ke6 10. O-O cxd4 11. Re1 Bf6 12. Qe4 d3 13. Nd2 Na5 14. Bxd3 Kf7 15. b4 Nf4 16. Bf1 Nc6 17. Nf3 Re8 18. Bxf4 exf4 19. Bc4+ Be6 20. Bxe6+ Kf8 21. Qxh7 1-0


[Site "https://www.chess.com"]

[Event "Titled Tuesday Blitz June 28 Early 2022"]
[White "Omariev, Maksim"]
[Black "Mrudul Dehankar"]
[WhiteFideId "4193423"]
[BlackFideId "25096990"]
[WhiteElo "2477"]
[BlackElo "1766"]
[Result "1-0"]
[Round "10"]
[TimeControl "180+1"]
[Date "2022.06.28"]
[WhiteClock "0:02:02"]
[BlackClock "0:00:08"]

1. g4 d5 2. Bg2 Bxg4 3. c4 e5 4. Qb3 Qc8 5. cxd5 Bd6 6. Nc3 a6 7. d3 Ne7 8. Nf3 O-O 9. Rg1 Nd7 10. Bh1 Bh5 11. Be3 Bg6 12. O-O-O b5 13. Kb1 Qb7 14. Ng5 Nf5 15. Rc1 Nd4 16. Bxd4 exd4 17. Nce4 Bf4 18. Rc6 a5 19. Qc2 h6 20. Nh3 Bf5 21. Nxf4 Ne5 22. Rxc7 Qb6 23. Nh5 1-0


[Site "https://www.chess.com"]

[Event "Titled Tuesday Blitz June 28 Early 2022"]
[White "Orlov, Georgi"]
[Black "Dronavalli, Harika"]
[WhiteFideId "2011271"]
[BlackFideId "5015197"]
[WhiteElo "2565"]
[BlackElo "2382"]
[Result "1-0"]
[Round "10"]
[TimeControl "180+1"]
[Date "2022.06.28"]
[WhiteClock "0:00:08"]
[BlackClock "0:00:14"]

1. d4 Nf6 2. Nf3 c5 3. c3 g6 4. Bf4 Qb6 5. Qb3 Bg7 6. e3 O-O 7. Nbd2 d6 8. h3 Be6 9. Bc4 d5 10. Be2 c4 11. Qxb6 axb6 12. O-O Nc6 13. a3 b5 14. Ng5 Bf5 15. g4 Bc2 16. Rac1 Ba4 17. Ngf3 h6 18. Ne5 Rfe8 19. Rfe1 e6 20. Bf3 Nh7 21. Nd7 Ng5 22. Bg2 f5 23. h4 Nf7 24. h5 g5 25. Bh2 Ne7 26. Nc5 Nd8 27. f3 Ra7 28. Bb8 Ra8 29. Bc7 Nec6 30. Bxd8 Nxd8 31. gxf5 exf5 32. f4 Kh8 33. Bxd5 Ra7 34. fxg5 hxg5 35. e4 f4 36. e5 b6 37. Nxa4 Rxa4 38. Ne4 Bh6 39. Nd6 Re7 40. Nf5 Rh7 41. e6 Bf8 42. e7 Bxe7 43. Rxe7 Rxe7 44. Nxe7 Ra7 45. Nf5 Rd7 46. Bf3 Rf7 47. Bg4 Ne6 48. Re1 Ng7 49. Re5 Nxf5 50. Rxf5 Re7 51. Rxb5 Re3 52. Kf2 Rg3 53. Rxg5 b5 54. Rg6 Kh7 55. Bf5 Re3 56. Rg3+ Kh6 57. Rxe3 fxe3+ 58. Kxe3 Kxh5 59. Ke4 Kg5 60. Bd7 1-0


[Site "https://www.chess.com"]

[Event "Titled Tuesday Blitz June 28 Early 2022"]
[White "Ouellet, Maili-Jade"]
[Black "Ivanov, Mike"]
[WhiteFideId "2620472"]
[BlackFideId "2613158"]
[WhiteElo "1899"]
[BlackElo "2182"]
[Result "0-1"]
[Round "10"]
[TimeControl "180+1"]
[Date "2022.06.28"]
[WhiteClock "0:00:02"]
[BlackClock "0:00:17"]

1. d4 Nf6 2. c4 e6 3. Nc3 Bb4 4. f3 d5 5. a3 Bd6 6. e4 c5 7. cxd5 cxd4 8. Qxd4 exd5 9. e5 Qe7 10. f4 Bc5 11. Bb5+ Nc6 12. Qd3 a6 13. Ba4 d4 14. Nce2 Nd5 15. Bxc6+ bxc6 16. Nxd4 Bb6 17. Ngf3 O-O 18. Nxc6 Qc5 19. Qxd5 Qf2+ 20. Kd1 Be6 21. Qd3 Rfd8 22. Nxd8 Rxd8 23. Qxd8+ Bxd8 24. Bd2 Qxg2 25. Rc1 Qxh1+ 0-1


[Site "https://www.chess.com"]

[Event "Titled Tuesday Blitz June 28 Early 2022"]
[White "Papp, Levente"]
[Black "Zochowski, Kacper"]
[WhiteFideId "751243"]
[BlackFideId "1125494"]
[WhiteElo "2308"]
[BlackElo "2214"]
[Result "1-0"]
[Round "10"]
[TimeControl "180+1"]
[Date "2022.06.28"]
[WhiteClock "0:00:08"]
[BlackClock "0:00:03"]

1. b3 Nf6 2. Bb2 d5 3. Nf3 Bg4 4. e3 e6 5. Be2 Nbd7 6. O-O Bd6 7. c4 c6 8. d4 O-O 9. Nc3 Re8 10. Rc1 a5 11. a3 Qe7 12. c5 Bc7 13. Na4 Bxf3 14. Bxf3 e5 15. g3 e4 16. Bg2 h5 17. Rc3 g6 18. Bc1 Kg7 19. h4 Ng4 20. Bh3 f5 21. Kg2 g5 22. hxg5 Qxg5 23. Rh1 Rh8 24. Nb6 Nxb6 25. cxb6 Bd6 26. Kf1 h4 27. f4 exf3 28. e4 f4 29. Qxf3 hxg3 30. e5 Nh2+ 31. Rxh2 gxh2 32. Qg2 Qxg2+ 33. Kxg2 Be7 34. Bxf4 Raf8 35. Bxh2 Rhg8 36. Be6 Rh8 37. Rg3+ Kh7 38. Rh3+ Kg6 39. Rg3+ Bg5 40. Bd7 Rf4 41. Bg1 Re4 42. e6 Kf6 43. Rf3+ Ke7 44. Rf7+ Kd6 45. Bh2+ Bf4 46. Bxf4+ Rxf4 47. Rxf4 Rg8+ 48. Kf3 Rg1 49. Rg4 Rb1 50. Rg8 Rxb3+ 51. Kf4 Rd3 52. Kf5 Rxd4 53. Rg4 Rd1 54. Rf4 Re1 55. Kf6 c5 56. Bc8 d4 57. Kf7 d3 58. Rf6 Kd5 59. e7 d2 60. Be6+ Kd4 61. Bg4 Rxe7+ 62. Kxe7 c4 63. Rd6+ Kc3 64. Bd1 Kb2 65. Rxd2+ Kc1 66. Rc2+ Kxd1 67. Rxc4 Kd2 68. Ra4 1-0


[Site "https://www.chess.com"]

[Event "Titled Tuesday Blitz June 28 Early 2022"]
[White "Perez Gormaz, Matias"]
[Black "Zubritskiy, Artyom"]
[WhiteFideId "3406342"]
[BlackFideId "4181247"]
[WhiteElo "2341"]
[BlackElo "2478"]
[Result "0-1"]
[Round "10"]
[TimeControl "180+1"]
[Date "2022.06.28"]
[WhiteClock "0:01:55"]
[BlackClock "0:02:00"]

1. e4 c5 2. Nf3 Nf6 3. e5 Nd5 4. g3 Nc6 5. Bg2 d6 6. exd6 Qxd6 7. O-O Bg4 8. h3 Bh5 9. g4 Bg6 10. d4 e6 11. Re1 O-O-O 12. Na3 Nf4 13. Bxf4 Qxf4 14. Qe2 cxd4 15. Nc4 d3 16. cxd3 Bxd3 0-1


[Site "https://www.chess.com"]

[Event "Titled Tuesday Blitz June 28 Early 2022"]
[White "Piesik, Piotr"]
[Black "Narayanan, Srinath"]
[WhiteFideId "1136194"]
[BlackFideId "5018420"]
[WhiteElo "2247"]
[BlackElo "2472"]
[Result "0-1"]
[Round "10"]
[TimeControl "180+1"]
[Date "2022.06.28"]
[WhiteClock "0:01:30"]
[BlackClock "0:02:08"]

1. Nf3 c5 2. g3 Nc6 3. Bg2 e5 4. O-O g6 5. c4 Bg7 6. Nc3 d6 7. Ne1 Be6 8. Nd5 Nge7 9. Nc2 O-O 10. Nce3 f5 11. d3 Qd7 12. Rb1 Kh8 13. a3 Nd4 14. Nxe7 Qxe7 15. Nd5 Qd7 16. e3 Nc6 17. b4 Rad8 18. Bb2 cxb4 19. Nxb4 Nxb4 20. axb4 f4 21. exf4 exf4 22. Bxg7+ Qxg7 23. Re1 Bf5 24. Be4 Bh3 25. Qe2 Rde8 26. Qb2 Re5 27. d4 Re7 28. Bd5 Rfe8 29. Qd2 g5 30. Rxe7 Qxe7 31. Bg2 Bxg2 32. Kxg2 Qe4+ 0-1


[Site "https://www.chess.com"]